 Dungeon Crawl Stone Soup version 0.32-a0-673-g3729bd50f8 (webtiles) character file.

Game seed: 8633164077510887522

1005 jestert79 the Magician (level 8, -8/50 HPs)
             Began as a Djinni Necromancer on Mar 10, 2024.
             Mangled by a gnoll
             ... wielding a +0 halberd
              (15 damage)
             ... on level 5 of the Dungeon.
             The game lasted 00:17:34 (5042 turns).

jestert79 the Magician (Djinni Necromancer)         Turns: 5042, Time: 00:17:34

Health: -8/50      AC:  2    Str:  7    XL:     8   Next: 44%
Gold:   360        EV: 12    Int: 19    God:
                   SH:  0    Dex: 14

rFire   + + .        i - +0 dagger
rCold   x . .        (no shield)
rNeg    . . .        a - +0 robe
rPois   ∞            (no helmet)
rElec   .            (no cloak)
rCorr   .            (no gloves)
SInv    .            (boots unavailable)
Will    .....        (no amulet)
Stlth   ++           (no ring)
HPRegen 0.28/turn    (no ring)
MPRegen 0.00/turn

%: infuse magic (-9 HP)
@: flying
A: sickness immunity, fire resistance 2, cold vulnerability 1, float, innate
caster, HP casting, extra vitality 1
a: no special abilities


You were on level 5 of the Dungeon.
You visited 1 branch of the dungeon, and saw 5 of its levels.

You collected 360 gold pieces.

Inventory:

Hand Weapons
 i - a +0 dagger (weapon)
 z - a +0 falchion
Missiles
 o - 25 poisoned darts
 x - a throwing net
Armour
 a - a +0 robe (worn)
Wands
 y - a wand of light (4)
Scrolls
 d - 4 scrolls of teleportation {unknown}
 e - 2 scrolls of silence {unknown}
 g - 3 scrolls of poison {unknown}
 h - a scroll of amnesia {unknown}
 k - 2 scrolls of blinking {unknown}
 n - a scroll of fear {unknown}
 q - 2 scrolls of identify {unknown}
 r - a scroll of fog
 w - a scroll of enchant armour {unknown}
 A - a scroll of revelation {unknown}
Potions
 b - a potion of heal wounds {unknown}
 c - a potion of mutation {unknown}
 f - a potion of curing
 j - a potion of lignification {unknown}
 l - a potion of cancellation {unknown}
 m - 3 potions of brilliance {unknown}
 p - 2 potions of enlightenment {unknown}
 s - a potion of resistance {unknown}
 t - a potion of magic
 u - a potion of might {unknown}
 v - a potion of attraction {unknown}


   Skills:
 * Level 2.3 Short Blades
 - Level 2.1 Dodging
 + Level 3.6 Stealth
 - Level 7.2 Spellcasting
 - Level 7.2 Conjurations
 - Level 7.2 Hexes
 - Level 7.2 Summonings
 - Level 7.2 Necromancy
 - Level 7.2 Translocations
 - Level 7.2 Fire Magic
 - Level 7.2 Ice Magic
 - Level 7.2 Air Magic
 - Level 7.2 Earth Magic
 - Level 7.2 Alchemy


You knew the following spells:

 Your Spells              Type           Power      Damage    Failure   Level
a - Necrotise             Necr           100%       1d9       1%          1
b - Vampiric Draining     Necr           34%        2d8       1%          3
c - Animate Dead          Necr           34%        N/A       4%          4
d - Curse of Agony        Necr           34%        N/A       14%         5
e - Apportation           Tloc           68%        N/A       1%          1
f - Lesser Beckoning      Tloc           68%        N/A       1%          2
g - Ensorcelled Hibernat  Hex/Ice        68%        N/A       1%          2
Your spell library was empty.

Dungeon Overview and Level Annotations

Branches:
Dungeon (5/15)
 Temple: D:4-7

Altars:
Cheibriados
Makhleb
Trog
Wu Jian

Annotations:
D:3 Grinder


Innate Abilities, Weirdness & Mutations

You are immune to sickness and miasma.
You are immune to poison.
Your flesh is very heat resistant. (rF++)
You are vulnerable to cold. (rC-)
You float through the air rather than walking.
You learn spells naturally, not from books.
Your magical power is your life essence.
You have superior vitality. (+4 MHP)


Message History

The hornet resists with significant effort.
Unknown command.
Casting: Ensorcelled Hibernation (safe; 1% risk of failure)
Confirm with . or Enter, or press ? or * to list all spells.
Aiming: Ensorcelled Hibernation (safe; 1% risk of failure)
Press: ? - help, Shift-Dir - straight line, f/p - hornet
Aim: a hornet (chance to affect: 53%)
The hornet resists with significant effort.
The hornet closely misses you. The hornet barely misses you.
Unknown command.
Casting: Ensorcelled Hibernation (safe; 1% risk of failure)
Confirm with . or Enter, or press ? or * to list all spells.
Aiming: Ensorcelled Hibernation (safe; 1% risk of failure)
Press: ? - help, Shift-Dir - straight line, f/p - hornet
Aim: a hornet (chance to affect: 53%)
The hornet resists with significant effort.
The hornet stings you.
The gnoll hits you from afar with a +0 halberd.
Unknown command.
Casting: Ensorcelled Hibernation (safe; 1% risk of failure)
Confirm with . or Enter, or press ? or * to list all spells.
Aiming: Ensorcelled Hibernation (safe; 1% risk of failure)
Press: ? - help, Shift-Dir - straight line, f/p - hornet
Aim: a hornet (chance to affect: 53%)
The hornet resists with significant effort.
The hornet stings you! The gnoll barely misses you. The hornet stings you!
* * * LOW HITPOINT WARNING * * *
Unknown command.
Unknown command.
Casting: Ensorcelled Hibernation (safe; 1% risk of failure)
Confirm with . or Enter, or press ? or * to list all spells.
Aiming: Ensorcelled Hibernation (safe; 1% risk of failure)
Press: ? - help, Shift-Dir - straight line, f/p - hornet
Aim: a hornet (chance to affect: 53%)
The hornet resists with significant effort.
* * * LOW HITPOINT WARNING * * *
The hornet stings you.
* * * LOW HITPOINT WARNING * * *
The gnoll hits you from afar with a +0 halberd!
You die...

≈≈≈≈~≈≈(≈≈≈~....~≈≈≈≈≈≈≈≈≈≈≈≈~≈≈~
≈~≈~~≈≈~)≈≈~....≈~~~~≈≈~~~~~#####
............................#g..#
############''''#############..g#
..#######....###### .#'###
..'.....'....'..... y# #.~
..#######....###### ..# #.~
#############))###########'##.#.~
..).'...........@yg....'....'.#.~
....'.............o.g..'....'.#.~
#####..................######.#.~
#..................# #.≈
#########)'######### #.~ g'..'..
#+###
#############################...#
............................#g.g#
≈≈~≈~≈~~~~~~~~~~~~~≈†~≈~~~~~#####


You could see a hornet, 2 gnolls and an orc.

Vanquished Creatures
  Sigmund (D:4)
  An ogre (D:5)
  A kobold brigand (D:5)
  A bombardier beetle (D:2)
  2 hounds
  A jelly (D:5)
  An orc wizard (D:5)
  2 iguanas
  9 gnolls
  4 adders
  2 dart slugs (D:2)
  2 ribbon worms
  20 orcs
  13 ball pythons
  4 bats
  7 endoplasms
  A giant cockroach (D:2)
  10 goblins
  6 hobgoblins
  21 jackals
  A quokka (D:2)
  3 frilled lizards
  4 kobolds
  3 rats
120 creatures vanquished.

Vanquished Creatures (collateral kills)
  A water moccasin (D:3)
  A scorpion (D:5)
  A howler monkey (D:5)
  A dart slug (D:2)
  2 hobgoblins
  3 jackals
  A kobold (D:4)
  A bat (D:1)
11 creatures vanquished.

Vanquished Creatures (others)
  An adder zombie (D:5)
1 creature vanquished.

Grand Total: 132 creatures vanquished

Notes
Turn   | Place    | Note
-------+----------+-------------------------------------------
     0 | D:1      | jestert79 the Djinni Necromancer began the quest for the
                  | Orb.
     0 | D:1      | jestert79 set off with the following spells memorised:
                  | Necrotise, Vampiric Draining, Animate Dead, Curse of Agony.
     0 | D:1      | Reached XP level 1. HP: 15/15 MP: 0/0
   141 | D:1      | Reached XP level 2. HP: 18/21 MP: 0/0
   322 | D:1      | Reached XP level 3. HP: 12/25 MP: 0/0
   322 | D:1      | Learned a level 1 spell: Apportation
   578 | D:1      | Found a faded altar of an unknown god.
   836 | D:2      | Reached XP level 4. HP: 23/31 MP: 0/0
  1129 | D:2      | Reached XP level 5. HP: 33/35 MP: 0/0
  1129 | D:2      | Learned a level 2 spell: Lesser Beckoning
  1575 | D:3      | Noticed a water moccasin
  1588 | D:3      | Killed a water moccasin
  1589 | D:3      | Reached skill level 5 in Spellcasting
  1589 | D:3      | Reached skill level 5 in Conjurations
  1589 | D:3      | Reached skill level 5 in Hexes
  1589 | D:3      | Reached skill level 5 in Summonings
  1589 | D:3      | Reached skill level 5 in Necromancy
  1589 | D:3      | Reached skill level 5 in Translocations
  1589 | D:3      | Reached skill level 5 in Fire Magic
  1589 | D:3      | Reached skill level 5 in Ice Magic
  1589 | D:3      | Reached skill level 5 in Air Magic
  1589 | D:3      | Reached skill level 5 in Earth Magic
  1589 | D:3      | Reached skill level 5 in Alchemy
  1589 | D:3      | Reached XP level 6. HP: 7/40 MP: 0/0
  1781 | D:3      | Noticed Grinder
  2098 | D:4      | Noticed Sigmund
  3024 | D:4      | Killed Sigmund
  3025 | D:4      | Reached XP level 7. HP: 11/45 MP: 0/0
  3025 | D:4      | Learned a level 2 spell: Ensorcelled Hibernation
  3239 | D:5      | Entered Level 5 of the Dungeon
  3891 | D:5      | Reached XP level 8. HP: 32/50 MP: 0/0
  4301 | D:5      | Reached skill level 1 in Short Blades
  4363 | D:4      | Found a burning altar of Makhleb.
  4363 | D:4      | Found a bloodstained altar of Trog.
  4363 | D:4      | Found an ornate altar of the Wu Jian Council.
  4363 | D:4      | Found a snail-covered altar of Cheibriados.
  5029 | D:5      | Noticed a hornet
  5042 | D:5      | Mangled by a gnoll

Illustrated notes

Levels and vault maps discovered:
D:1:      nicolae_arrival_somewhat_less_tricky_arrival, layout_rooms,
          hellmonk_ecumenical_altar_leap_of_faith, minmay_strange_pillars
D:2:      layout_basic, serial_glass, glass_columns_c, glass_columns_b,
          minmay_increasing_density
D:3:      layout_basic, uniq_grinder
D:4:      layout_rooms, nicolae_overflow_hidden_temple, grunt_decor_junction,
          uniq_sigmund
D:5:      lemuel_castle_with_subvaults [lemuel_castle_interior_original],
          layout_basic

Skill      XL: |  1  2  3  4  5  6  7  8 |
---------------+-------------------------+-----
Stealth        | 2 3 |  3.6
Spellcasting   | 4 5 6 7 |  7.2
Conjurations   | 4 5 6 7 |  7.2
Hexes          | 4 5 6 7 |  7.2
Summonings     | 4 5 6 7 |  7.2
Necromancy     | 4 5 6 7 |  7.2
Translocations | 4 5 6 7 |  7.2
Fire Magic     | 4 5 6 7 |  7.2
Ice Magic      | 4 5 6 7 |  7.2
Air Magic      | 4 5 6 7 |  7.2
Earth Magic    | 4 5 6 7 |  7.2
Alchemy        | 4 5 6 7 |  7.2
Short Blades   | 2 |  2.3
Dodging        | |  2.1

Action                     |  1- 3 |  4- 6 |  7- 9 || total
---------------------------+-------+-------+-------++-------
  Melee: Unarmed           |     6 |       |       ||     6
         Punch             |     1 |       |       ||     1
         Dagger            |     5 |    47 |    76 ||   128
   Cast: Necrotise         |    54 |    75 |    36 ||   165
         Vampiric Draining |       |    15 |    17 ||    32
         Ensorcelled Hiber |       |       |    29 ||    29
         Animate Dead      |       |       |     1 ||     1
  Evoke: Wand              |       |       |     1 ||     1
    Use: Potion            |       |     2 |       ||     2
         Scroll            |       |       |     1 ||     1
   Stab: Sleeping          |       |       |    16 ||    16
 Armour: Robe              |    14 |    52 |    52 ||   118
  Dodge: Dodged            |     9 |    51 |    47 ||   107

Table legend: (Time is in decaauts)
 A = Elapsed time spent in this place.
 B = Non-inter-level travel time spent in this place.
 C = Inter-level travel time spent in this place.
 D = Time resting spent in this place.
 E = Time spent auto-exploring this place.
 F = Levels seen in this place.
 G = Mean time per level.
                   A        B        C        D        E       F      G
               +--------+--------+--------+--------+--------+-----+--------+
         Total |   5039 |   4825 |    214 |   1332 |   2274 |   5 | 1007.8 |
       Dungeon |   5039 |   4825 |    214 |   1332 |   2274 |   5 | 1007.8 |
               +--------+--------+--------+--------+--------+-----+--------+

Top non-repeatable levels by time:
     D:5: 1684 daAuts
     D:4: 1002 daAuts
     D:3: 813 daAuts
     D:2: 785 daAuts
     D:1: 754 daAuts
